 Dungeon Crawl Stone Soup version 0.28-a0-674-gdaf460b524 (webtiles) character file.

Game seed: 5369337361774211681

933 bande the Chopper (level 8, -10/48 HPs)
             Began as a Gargoyle Fighter on Oct 17, 2021.
             Was a Believer of Okawaru.
             Mangled by an ice beast (13 damage)
             ... on level 6 of the Dungeon.
             The game lasted 00:08:03 (5630 turns).

bande the Chopper (Gargoyle Fighter)                Turns: 5630, Time: 00:08:04

Health: -10/48     AC: 18    Str: 20    XL:     8   Next: 11%
Magic:  10/10      EV:  7    Int: 10    God:    Okawaru [**....]
Gold:   1174       SH:  4    Dex: 10    Spells: 7/7 levels left

rFire   . . .      SeeInvis .   a - +0 war axe (flame)
rCold   . . .      Faith    .   c - +0 buckler
rNeg    + . .      Spirit   .   q - +0 chain mail
rPois   ∞          Reflect  .   (no helmet)
rElec   +          Harm     .   h - +2 cloak
rCorr   +          Rampage  .   (no gloves)
Will    .....                   (no boots)
Stlth   ..........              (no amulet)
HPRegen 0.16/turn               f - ring of resist corrosion
MPRegen 0.12/turn               (no ring)

@: no status effects
A: sickness immunity, AC +5, negative energy resistance 1, electricity
resistance, torment resistance 1, petrification resistance
a: Renounce Religion, Heroism


You were on level 6 of the Dungeon.
You worshipped Okawaru.
Okawaru was pleased with you.
You visited 1 branch of the dungeon, and saw 6 of its levels.

You collected 1174 gold pieces.

Inventory:

Hand Weapons
 a - a +0 war axe of flaming (weapon)
 l - a +0 broad axe
 t - the +7 longbow of Arytokeb {flame, Fragile rPois rF+ Int+3}
   (You found it on level 5 of the Dungeon)

   Any ammunition fired from it burns those it strikes, dealing additional fire
   damage.
   Int:       It affects your intelligence (+3).
   rF:        It protects you from fire.
   rPois:     It protects you from poison.
   Fragile:   It will be destroyed if unequipped.
Missiles
 j - a throwing net (quivered)
Armour
 c - a +0 buckler (worn)
 h - a +2 cloak (worn)
 q - a +0 chain mail (worn)
Jewellery
 f - a ring of resist corrosion (left hand)
 i - an amulet of magic regeneration
Wands
 k - a wand of iceblast (10)
Scrolls
 o - a scroll of magic mapping
Potions
 d - a potion of might
 e - a potion of curing
 g - a potion of cancellation
 m - a potion of flight
 r - a potion of magic
 s - a potion of brilliance


   Skills:
 + Level 4.7 Fighting
 + Level 5.5 Axes
 + Level 5.0 Armour
 - Level 0.4 Stealth
 + Level 4.3 Shields
 * Level 2.9 Invocations
 * Level 2.3 Evocations


You had 7 spell levels left.
You didn't know any spells.
Your spell library was empty.

Dungeon Overview and Level Annotations

Branches:
Dungeon (6/15)             Temple (0/1) D:4

Altars:
Ashenzari
Cheibriados
Elyvilon
Gozag
Nemelex Xobeh
Okawaru
Sif Muna
Trog

Shops:
D:4 *   D:5 (


Innate Abilities, Weirdness & Mutations

You are immune to sickness and miasma.
Your stone body is resilient. (AC +5)
You are immune to poison.
You resist negative energy. (rN+)
You are resistant to electric shocks. (rElec)
You are resistant to unholy torment.
You are immune to petrification.


Message History

Your chain mail prevents you from hitting the wight.
The wight is severely damaged.
You hit the ice beast but do no damage. You closely miss the ufetubus.
The ufetubus hits you. The ufetubus barely misses you.
The ice beast hits you but does no damage.
The wight hits you with a +4 scimitar. The ufetubus barely misses you.
The ufetubus hits you but does no damage.
The wight hits you but does no damage.
The ice beast hits you but does no damage.
Unknown command.
You slash the wight! You burn the wight.
You destroy the wight!
Okawaru accepts your kill.
You closely miss the ice beast. You miss the ufetubus.
The ufetubus barely misses you.
The ufetubus hits you but does no damage.
The ice beast hits you. The ice beast freezes you!
Your Armour skill increases to level 5!
Unknown command.
You slash the ufetubus! You burn the ufetubus.
You kill the ufetubus!
Okawaru accepts your kill.
You hit the ice beast.
You melt the ice beast.
The ice beast hits you but does no damage.
The ice beast hits you.
* * * LOW HITPOINT WARNING * * *
The ice beast freezes you!
* * * LOW HITPOINT WARNING * * *
Unknown command.
Found a scroll labelled GAPIR HIASYEXT.
The ice beast barely misses you.
Unknown command.
Your chain mail prevents you from hitting the ice beast.
The ice beast is heavily wounded.
The ice beast hits you but does no damage.
You slash the ice beast!
You melt the ice beast.
The ice beast is almost dead.
The ice beast hits you.
* * * LOW HITPOINT WARNING * * *
The ice beast freezes you!
You die...

##.# ##.## ..#..# ##
#..# #..# ..#.# .####.##
##.## ....# ......###
#..###....#
........#####......#
.................)##
.................).##
....!.......##..Y...#..#
................@.......
........................
........................
........................
..................).....
........................
.....................?..
........................
#..........


You could see an ice beast.

Vanquished Creatures
  A necrophage (D:5)
  A phantom (D:4)
  5 scorpions
  2 wyvern skeletons
  2 wights (D:6)
  An orc priest (D:4)
  A jelly (D:3)
  A bullfrog skeleton (D:6)
  A scorpion zombie (D:5)
  A howler monkey zombie (D:6)
  A howler monkey skeleton (D:4)
  4 adders
  An ufetubus (D:6)
  3 worms
  5 dart slugs
  5 orcs
  6 endoplasms
  6 giant cockroaches
  8 goblins
  7 hobgoblins
  8 jackals
  9 kobolds
  5 quokkas
  6 ball pythons
  5 bats
  4 frilled lizards
  5 rats
104 creatures vanquished.

Notes
Turn   | Place    | Note
-------+----------+-------------------------------------------
     0 | D:1      | bande the Gargoyle Fighter began the quest for the Orb.
     0 | D:1      | Reached XP level 1. HP: 14/14 MP: 1/1
    38 | D:1      | Reached XP level 2. HP: 7/19 MP: 2/2
   286 | D:1      | Found a faded altar of an unknown god.
   439 | D:1      | Reached XP level 3. HP: 22/23 MP: 3/3
  1375 | D:2      | Reached XP level 4. HP: 28/28 MP: 4/4
  2339 | D:3      | Found a shimmering blue altar of Sif Muna.
  2564 | D:3      | Reached XP level 5. HP: 32/33 MP: 5/5
  2961 | D:3      | Found an opulent altar of Gozag.
  2966 | D:3      | Found a sparkling altar of Nemelex Xobeh.
  2973 | D:3      | Found a white marble altar of Elyvilon.
  2978 | D:3      | Found a broken altar of Ashenzari.
  2986 | D:3      | Found a snail-covered altar of Cheibriados.
  2991 | D:3      | Found an iron altar of Okawaru.
  3002 | D:3      | Found a bloodstained altar of Trog.
  3012 | D:3      | Became a worshipper of Warmaster Okawaru
  3402 | D:4      | Found Gefrotau's CLEARANCE SALE!.
  3460 | D:4      | Found a staircase to the Ecumenical Temple.
  3575 | D:4      | Identified a scroll of acquirement
  3575 | D:4      | Acquired 854 gold pieces
  3610 | D:4      | Reached XP level 6. HP: 38/38 MP: 6/6
  3724 | D:4      | Reached skill level 1 in Invocations
  3757 | D:4      | Reached skill level 1 in Evocations
  4195 | D:5      | Entered Level 5 of the Dungeon
  4208 | D:5      | Reached * piety under Okawaru
  4209 | D:5      | Reached XP level 7. HP: 41/44 MP: 8/8
  4745 | D:5      | Reached skill level 5 in Axes
  4760 | D:5      | Found Uneelyosh's Weapon Boutique.
  4771 | D:5      | Identified the +7 longbow of Arytokeb {flame, Fragile rPois
                  | rF+ Int+3}
  5536 | D:6      | Reached ** piety under Okawaru
  5537 | D:6      | Reached XP level 8. HP: 45/48 MP: 8/10
  5625 | D:6      | Reached skill level 5 in Armour
  5630 | D:6      | Mangled by an ice beast

Illustrated notes

Levels and vault maps discovered:
D:1:      erik_arrival_triangle_small, layout_basic, serial_corexii_hall,
          chequers_hall_statues_wall_a, chequers_hall_statues_y,
          ebering_ecumenical_altar_hall
D:2:      layout_basic
D:3:      layout_loops_corners, amcnicky_altar_gilded,
          grunt_temple_overflow_octagram
D:4:      layout_gridville, minmay_temple_entry_mini_moons,
          nicolae_shop_clearance
D:5:      layout_basic, serial_shops, shop
D:6:      layout_layer_cave, serial_shops, shop_scrolls,
          chequers_serial_rivers_small_3, minmay_hedge_maze

Skill      XL: |  1  2  3  4  5  6  7  8 |
---------------+-------------------------+-----
Axes           | 2 3 4 5 |  5.5
Armour         | 4 5 |  5.0
Fighting       | 4 |  4.7
Invocations    | 1 2 |  2.9
Shields        | 4 |  4.3
Evocations     | 1 2 |  2.3
Stealth        | |  0.4

Action                   |  1- 3 |  4- 6 |  7- 9 || total
-------------------------+-------+-------+-------++-------
Melee: War axe           |    91 |   170 |    69 ||   330
  Use: Scroll            |     2 |     8 |     4 ||    14
Armor: Scale mail        |    46 |   109 |       ||   155
       Chain mail        |       |    10 |    59 ||    69
Dodge: Dodged            |    54 |    73 |    22 ||   149
Block: Buckler           |    27 |    52 |    15 ||    94

Table legend: (Time is in decaauts)
 A = Elapsed time spent in this place.
 B = Non-inter-level travel time spent in this place.
 C = Inter-level travel time spent in this place.
 D = Time resting spent in this place.
 E = Time spent auto-exploring this place.
 F = Levels seen in this place.
 G = Mean time per level.
                   A        B        C        D        E       F      G
               +--------+--------+--------+--------+--------+-----+--------+
         Total |   5740 |   5617 |    123 |    221 |   4406 |   6 |  956.7 |
       Dungeon |   5740 |   5617 |    123 |    221 |   4406 |   6 |  956.7 |
               +--------+--------+--------+--------+--------+-----+--------+

Top non-repeatable levels by time:
     D:2: 1253 daAuts
     D:3: 1177 daAuts
     D:5: 1057 daAuts
     D:1: 1038 daAuts
     D:4: 818 daAuts
     D:6: 395 daAuts
